 BcadrenCrawl: Boulder Brew version 0.06-287-g431bdf9e28 (webtiles) character file.

Game seed: 8439660732889861695, levelgen mode: deterministic

159 Caim the Twirler (level 5, -8/56 HPs) Lignifite Skald. Began on Oct 17, 2022. Mangled by a big kobold ... wielding a +0 club (11 damage) ... on level 1 of the Dungeon. The game lasted 00:12:05 (1420 turns).

Caim the Twirler (Lignifite Skald)                  Turns: 1420, Time: 00:12:05

Health: -8/56      AC:  1    Str: 17    XL:     5 ^: 152
Magic:  6/10       EV: 14    Int: 14    God:
Gold:   69         SH:  3    Dex:  8    Spells: 7/10 levels left

rFire    . . .     Slash    .   a - +0 mace
rCold    + . .     Pierce   +   f - +0 buckler
rNeg     . . .     Bludgeon .   b - +0 robe
rCorr    . . .     Vision   .   (helmet restricted)
rPois    +         Gourm    .   j - scarf {rC+ rF+}
rElec    .         Faith    .   (gloves unavailable)
MR       .....     Spirit   .   (boots unavailable)
HPRegen  0.28/turn Reflect  .   (no amulet)
MPRegen  0.20/turn Harm     .   (no ring)
Stlth    +.........             (no ring)

@: infused, singing, very slightly contaminated, very quick
A: small, branches (SH +, deformed body 1, speed 2, poison resistance, slow
metabolism 1, torment resistance, plant, woody flesh (rF-) 1, rot immunity,
barkskin
a: no special abilities


You were on level 1 of the Dungeon.
You were not hungry.

You visited 1 branch of the dungeon, and saw 2 of its levels.

You collected 69 gold pieces.

Inventory:

Weapons
 a - a +0 mace (weapon)
 e - a +0 club Shields
 f - a +0 buckler (shield)
Armour
 b - a +0 robe (worn)
 g - a +0 leather armour
 h - a +0 pair of boots
 j - a scarf of resistance (worn)
Potions
 i - a potion of might
 k - a potion of mutation
Comestibles
 d - a ration


   Skills:
 + Level 2.2 Fighting
 + Level 3.7 Maces & Staves
 + Level 2.5 Dodging
 * Level 2.1 Shields
 * Level 3.0 Spellcasting
 + Level 3.1 Charms


You had 7 spell levels left.
You knew the following spells:

 Your Spells              Type           Power        Failure   Level  Hunger
a - Infusion Chrm 11 (25) 8% 1 0-18 b - Song of Slaying Chrm           11 (100)     12%         2    38-78

Your spell library contained the following spells:

 Spells                   Type           Power        Failure   Level  Hunger
 Shroud of Golubria Chrm/Tloc 6 (200) 22% 2 38-78 Regeneration Chrm/Necr 6 (200) 41% 3 78-138 Spectral Weapon Chrm/Summ      6 (100)      41%         3    78-138


Dungeon Overview and Level Annotations

Branches:
Dungeon (2/8)

Altars:


Innate Abilities, Weirdness & Mutations

You are small and have problems with some larger weapons.
A tangle of shorter branches protects your body from attack. (SH +2)
Armour fits poorly on your strangely shaped body.
You cover ground very quickly.
Your system is resistant to poisons. (rPois)
You have a slow metabolism.
You are immune to unholy pain and torment.
You require very little carbon dioxide to survive.
Your woody flesh burns easily. (rF-)
You are immune to rotting.
Your bark is difficult to pierce. (rPiercing+)


Message History

The cinder newt is almost dead. (2/11) HP The cinder newt bites you.
You resist. The cinder newt burns you (4). The cinder newt bites you (1).
You resist. The cinder newt burns you (3).
You closely miss the cinder newt.
The cinder newt is severely wounded. (3/11) HP The cinder newt bites you (1).
You resist. The cinder newt burns you (4).
* * * LOW HITPOINT WARNING * * *
You hit the cinder newt (6).
It is struck brutally!
You kill the cinder newt!
You hear a splash.
You hit the big kobold (5).
The big kobold is lightly wounded. (23/28) HP The big kobold hits you with a +0 club (14)!
* * * LOW HITPOINT WARNING * * *
You hit the big kobold (4).
The big kobold is moderately wounded. (19/28) HP The big kobold hits you with a +0 club (11)!
You die...

#..#.##.............#..#P.≈≈≈≈≈≈#
#.>........#.###.#.###.#.≈≈≈≈P≈P#
#.##.##.##..........#..##.≈≈≈≈PP#
#.##.##.#####.############.≈≈≈≈≈#
.#.#.##.# #≈##≈≈≈≈≈## ##.≈≈≈≈≈#
###..##.# #.#≈#####≈# ##.≈≈≈≈≈≈#
.#)####.# #≈#≈##K##≈# #.≈≈≈≈≈PP#
#.....#.####.#≈#K#≈#≈# ##.≈≈≈P≈.#
####......##≈#.#@#.#≈# ##.≈≈≈.P#
###........#≈#≈###.#.# #..≈≈..#
...........#≈##÷.≈≈#÷# ##≈..≈≈≈#
###........#≈#######≈# #....≈..#
##.......##.≈≈≈≈≈≈## #...≈P..#
###.....########## #.......#
##...## #.# ###''#### ##.## #.#
#..# #.# #.# ##.#


You could see a big kobold and a kobold.

Vanquished Creatures
  5 giant cockroaches
  2 adders (D:1)
  2 sewer rats (D:1)
  4 cinder newts (D:1)
  A worm (D:1)
  An ooze (D:1)
  2 dart slugs (D:1)
  A leopard gecko (D:1)
  A goblin (D:1)
  3 hobgoblins (D:1)
  A bat (D:1)
  3 kobolds (D:1)
  2 rats (D:1)
28 creatures vanquished.

Vanquished Creatures (others)
  A goblin (D:1)
  A kobold (D:1)
  A bat (D:1)
  A withered plant (D:2)
4 creatures vanquished.

Grand Total: 32 creatures vanquished

Notes
Turn   | Place    | Note
-------+----------+-------------------------------------------
     0 | D:1      | Caim the Lignifite Skald began the quest for the Orb.
     0 | D:1      | Reached XP level 1. HP: 24/24 MP: 4/4
    98 | D:1      | Reached XP level 2. HP: 17/32 MP: 3/6
   425 | D:1      | Reached XP level 3. HP: 30/40 MP: 4/7
   457 | D:1      | Reached skill level 1 in Shields
   882 | D:1      | Reached XP level 4. HP: 48/48 MP: 4/9
   910 | D:1      | Learned a level 2 spell: Song of Slaying
  1165 | D:2      | Noticed a big kobold
  1174 | D:1      | Reached XP level 5. HP: 27/56 MP: 4/10
  1192 | D:1      | HP: 2/56 [poisoned by an adder]
  1198 | D:1      | HP: 2/56 [poisoned by an adder]
  1206 | D:1      | HP: 2/56 [poisoned by an adder]
  1420 | D:1      | Mangled by a big kobold

Levels and vault maps discovered:
D:1:      lightli_arrival_windingriver, layout_loops_ring, patterned_corridor,
          gup_sewer_entry_spiral
D:2:      layout_sewer

Skill      XL: |  1  2  3  4  5 |
---------------+----------------+-----
Charms         | 3 |  3.1
Shields        | 1 2 |  2.1
Maces & Staves | 3 |  3.7
Spellcasting   | 3 |  3.0
Fighting       | |  2.2
Dodging        | |  2.5

Action                   |  1- 3 |  4- 6 || total
-------------------------+-------+-------++-------
Melee: Mace              |    43 |    49 ||    92
       Unarmed           |     1 |       ||     1
 Cast: Infusion          |     8 |     4 ||    12
       Song of Slaying   |       |     3 ||     3
Armor: Robe              |     6 |    10 ||    16
Dodge: Dodged            |    20 |    28 ||    48
Block: Buckler           |       |     5 ||     5
